 Dungeon Crawl Stone Soup version 0.19.4-8-ga85b6b9 (webtiles) character file.

225 sveltemanboy the Insei (level 6, -5/30 HPs)
             Began as a Vine Stalker Transmuter on Feb 14, 2017.
             Slain by a centaur zombie (7 damage)
             ... in an ossuary.
             The game lasted 00:09:37 (2695 turns).

sveltemanboy the Insei (Vine Stalker Transmuter)    Turns: 2695, Time: 00:09:38

Health: -5/30      AC:  2    Str: 12    XL:     6   Next: 1%
Magic:  0/10       EV: 12    Int: 15    God:
Gold:   120        SH:  0    Dex: 15    Spells: 2 memorised, 6 levels left

rFire  . . .     SeeInvis .       - Unarmed
rCold  . . .     Gourm    .     b - +0 robe
rNeg   . . .     Faith    .     (no shield)
rPois  .         Spirit   +     (no helmet)
rElec  .         Reflect  .     (no cloak)
rCorr  .         Harm     .     (no gloves)
MR     .....                    (no boots)
Stlth  +.........               (no amulet)
                                (no ring)
                                (no ring)

@: very slightly contaminated
A: fangs 2, regeneration 1, magic shield, antimagic bite, no device heal 3, rot
immunity
a: no special abilities


You were in an ossuary.
You were very hungry.

You visited 1 branch of the dungeon, and saw 4 of its levels.
You also visited: Ossuary.

You collected 120 gold pieces.

Inventory:

Missiles
 a - 22 arrows
Armour
 b - a +0 robe (worn)
Scrolls
 e - 3 scrolls of remove curse {unknown}
 f - a scroll of fear {unknown}
 g - 2 scrolls of enchant armour {unknown}
 h - a scroll of recharging {unknown}
 i - 3 scrolls of identify {unknown}
 p - a scroll of fog {unknown}
 q - 2 scrolls of enchant weapon {unknown}
 s - 2 scrolls of noise {unknown}
 t - a scroll of magic mapping {unknown}
Potions
 k - 2 potions of curing {unknown}
 l - 3 potions of degeneration {unknown}
 m - a potion of agility {unknown}
 r - 3 potions of berserk rage {unknown}
 v - a potion of invisibility {unknown}
Books
 c - a book of Changes

   Spells                             Type                      Level
   a - Beastly Appendage              Transmutation                1
   b - Sticks to Snakes               Transmutation                2
   c - Spider Form                    Transmutation/Poison         3
   d - Ice Form                       Ice/Transmutation            4
   e - Blade Hands                    Transmutation                5
Comestibles
 d - 3 bread rations
 j - 4 meat rations
 n - a slice of pizza
 o - 3 beef jerkies


   Skills:
 - Level 2.1 Fighting
 - Level 1.0 Armour
 - Level 2.0 Dodging
 + Level 4.4 Unarmed Combat
 - Level 2.1 Spellcasting
 + Level 3.8 Transmutations


You had 6 spell levels left.
You knew the following spells:

 Your Spells              Type           Power        Failure   Level  Hunger
a - Beastly Appendage     Tmut           ##....       6%          1    #......
b - Sticks to Snakes      Tmut           ##......     10%         2    ###....


Dungeon Overview and Level Annotations

Branches:
Dungeon (4/15)
 Temple: D:4-7

Altars:

Shops:
D:4 (


Innate Abilities, Weirdness & Mutations

You have extremely sharp teeth.
Your natural rate of healing is unusually fast.
When hurt, damage is shared between your health and your magic reserves.
Your bite disrupts and absorbs the magic of your enemies.
Potions and wands cannot restore your health.
You are immune to rotting.


Message History

The centaur zombie barely misses you. The centaur zombie barely misses you.
The goblin zombie closely misses you. The centaur zombie barely misses you.
The elf zombie hits you.
* * * LOW HITPOINT WARNING * * *
The elf zombie hits you.
* * * LOW HITPOINT WARNING * * *
The goblin zombie barely misses you. The centaur zombie hits you.
* * * LOW HITPOINT WARNING * * *
The goblin zombie misses you. The centaur zombie barely misses you.
The centaur zombie closely misses you. The centaur zombie hits you.
* * * LOW HITPOINT WARNING * * *
There is an empty arch of ancient stone here.
The human zombie hits you!
* * * LOW HITPOINT WARNING * * *
The centaur zombie hits you!
You die...

######################
#.....Z...Z@Z........#
#...Z..Z.....Z.......#
#..Z##############...#
#...# #...# #...#
#...# #...#
#..Z####+.... #...#
#.Z.#.....∩.# #...#
#...#......Z# #...#
#...#.......# #...#


You could see a goblin zombie, a kobold zombie, a big kobold zombie, an elf
zombie, a centaur zombie and a human zombie.

Vanquished Creatures
  The ghost of Huntedmouse the Chopper, a weakling MiBe of Trog (D:3)
  A worker ant (D:4)
  4 adders (D:2)
  2 oozes
  2 adder zombies (Ossuary)
  3 worms (D:2)
  3 dart slugs
  A leopard gecko (D:1)
  A ball python (D:2)
  8 bats
  5 giant cockroaches
  7 goblins
  4 hobgoblins
  6 kobolds
  3 frilled lizards (D:1)
  8 hobgoblin zombies (Ossuary)
  6 kobold zombies (Ossuary)
  8 orc zombies (Ossuary)
  9 rats
  A rat zombie (Ossuary)
83 creatures vanquished.

Vanquished Creatures (collateral kills)
  A centaur zombie (Ossuary)
  2 orc zombies (Ossuary)
3 creatures vanquished.

Grand Total: 86 creatures vanquished

Notes
Turn   | Place    | Note
-------+----------+-------------------------------------------
     0 | D:1      | sveltemanboy the Vine Stalker Transmuter began the quest for the Orb.
     0 | D:1      | Reached XP level 1. HP: 9/9 MP: 4/4
    54 | D:1      | Reached skill level 1 in Fighting
    95 | D:1      | Reached XP level 2. HP: 11/14 MP: 6/6
   805 | D:2      | Reached XP level 3. HP: 18/18 MP: 4/7
  1163 | D:2      | Gained mutation: Your natural rate of healing is unusually fast. [Vine Stalker growth]
  1163 | D:2      | Reached XP level 4. HP: 21/23 MP: 8/8
  1409 | D:2      | Learned a level 2 spell: Sticks to Snakes
  1771 | D:3      | Noticed Huntedmouse's ghost (weakling MiBe)
  1848 | D:3      | Killed Huntedmouse's ghost
  1848 | D:3      | Reached skill level 1 in Armour
  1848 | D:3      | Reached XP level 5. HP: 9/26 MP: 3/9
  1898 | D:3      | Reached skill level 4 in Unarmed Combat
  2315 | D:4      | Found Qanefiotra's Antique Weapon Shop.
  2415 | D:4      | Found a sand-covered staircase.
  2425 | Ossuary  | Entered an ossuary
  2647 | Ossuary  | Reached XP level 6. HP: 18/30 MP: 5/10
  2695 | Ossuary  | Slain by a centaur zombie

Skill      XL: |  1  2  3  4  5 |
---------------+----------------+-----
Fighting       | 1 2 |  2.1
Dodging        | 2 |  2.0
Armour         | 1 |  1.0
Transmutations | 3 |  3.8
Unarmed Combat | 4 |  4.4
Spellcasting   | |  2.1

Action                   |  1- 3 |  4- 6 || total
-------------------------+-------+-------++-------
Melee: Unarmed           |    66 |   217 ||   283
       Bite              |    18 |    58 ||    76
       Headbutt          |     3 |     3 ||     6
       Punch             |       |     3 ||     3
       Kick              |       |     1 ||     1
 Cast: Beastly Appendage |     4 |     9 ||    13
       Sticks to Snakes  |       |     9 ||     9
 Stab: Sleeping          |     3 |     1 ||     4
       Distracted        |       |     1 ||     1
  Eat: Chunk             |     1 |     5 ||     6
Armor: Robe              |     9 |    28 ||    37
Dodge: Dodged            |    33 |   127 ||   160
